[ AOE2 MATCH · #505943580 ]
UnrankedJurchens vs Chinese
Player's team · WIN
Rival team · LOSS
[ REPLAY ANALYSIS · EXTRACTED FROM THE RECORDED GAME ]
Feudal
—
Castle
—
Imperial
—
| APM avg | 76.1 |
| APM peak | 102 |
| eAPM avg | 32.4 |
| Villagers / military | 29 / 2 |
Focus
⚔️ 52.0% · 🌾 48.0%
Militia ×2
Feudal
—
Castle
—
Imperial
—
| APM avg | 76.1 |
| APM peak | 104 |
| eAPM avg | 32.4 |
| Villagers / military | 33 / 0 |
Focus
⚔️ 25.3% · 🌾 74.7%
Match map
Initial resources + every placement click. Lines = walls · curves = elevation contours. ◆ gold · ⬟ stone · ● berries · ✦ relic · ◌ wall gap
Your base
Šteuko's base
Smoothed initial terrain · ◌ = detected wall gap · hover for details
Inputs per minute
— Manuel hormigaiper - - Šteuko
Build order — Manuel hormigaiper
35 actions detected in the replay
| 0:02 | Queue | Villager (Male) ×4 |
| 0:02 | Queue | Villager (Male) ×4 |
| 0:03 | Build | House |
| 0:05 | Build | House |
| 1:24 | Queue | Villager (Male) |
| 1:25 | Queue | Villager (Male) |
| 1:39 | Queue | Villager (Male) |
| 1:39 | Queue | Villager (Male) |
| 1:45 | Build | Lumber Camp |
| 2:18 | Queue | Villager (Male) |
| 2:18 | Queue | Villager (Male) |
| 2:43 | Queue | Villager (Male) |
| 3:06 | Build | House |
| 3:19 | Queue | Villager (Male) |
| 3:20 | Queue | Villager (Male) |
| 3:20 | Queue | Villager (Male) |
| 3:43 | Queue | Villager (Male) |
| 3:44 | Queue | Villager (Male) |
| 3:44 | Queue | Villager (Male) |
| 4:02 | Queue | Villager (Male) |
| 4:10 | Queue | Villager (Male) |
| 4:10 | Queue | Villager (Male) |
| 4:25 | Queue | Villager (Male) |
| 4:52 | Build | Barracks |
| 5:03 | Queue | Villager (Male) |
| 5:37 | Queue | Villager (Male) |
| 5:39 | Queue | Militia |
| 5:39 | Queue | Militia |
| 5:56 | Build | House |
| 6:17 | Queue | Villager (Male) |
| 6:29 | Queue | Villager (Male) |
| 6:30 | Research | Loom |
| 7:05 | Build | Mill |
| 8:07 | Research | Feudal Age |
| 8:07 | Research | Feudal Age |
Build order — Šteuko
48 actions detected in the replay
| 0:02 | Research | Loom |
| 0:43 | Queue | Villager (Male) |
| 0:43 | Queue | Villager (Male) |
| 1:08 | Queue | Villager (Male) |
| 1:09 | Queue | Villager (Male) |
| 1:32 | Queue | Villager (Male) |
| 1:41 | Build | Lumber Camp |
| 1:57 | Queue | Villager (Male) |
| 1:57 | Queue | Villager (Male) |
| 2:23 | Queue | Villager (Male) |
| 2:23 | Queue | Villager (Male) |
| 2:50 | Queue | Villager (Male) |
| 2:50 | Queue | Villager (Male) |
| 3:10 | Queue | Villager (Male) |
| 3:11 | Queue | Villager (Male) |
| 3:13 | Build | House |
| 3:16 | Build | House |
| 3:59 | Queue | Villager (Male) |
| 3:59 | Queue | Villager (Male) |
| 4:05 | Queue | Villager (Male) |
| 4:37 | Queue | Villager (Male) |
| 4:41 | Build | Mill |
| 4:56 | Queue | Villager (Male) |
| 4:56 | Queue | Villager (Male) |
| 5:40 | Queue | Villager (Male) |
| 5:49 | Queue | Villager (Male) |
| 6:07 | Queue | Villager (Male) |
| 6:20 | Queue | Villager (Male) |
| 6:28 | Queue | Villager (Male) |
| 6:28 | Queue | Villager (Male) |
| 6:28 | Queue | Villager (Male) |
| 6:39 | Queue | Villager (Male) |
| 6:41 | Queue | Villager (Male) |
| 6:54 | Build | Mining Camp |
| 6:57 | Queue | Villager (Male) |
| 7:32 | Research | Feudal Age |
| 7:32 | Research | Feudal Age |
| 7:41 | Queue | Villager (Male) |
| 7:49 | Build | Palisade Wall |
| 7:49 | Build | Palisade Wall |
| 7:50 | Build | Palisade Wall |
| 7:51 | Build | Palisade Wall |
| 7:57 | Queue | Villager (Male) |
| 8:17 | Build | House |
| 8:20 | Build | Palisade Gate |
| 8:40 | Queue | Villager (Male) |
| 8:47 | Build | Palisade Wall |
| 8:52 | Queue | Villager (Male) |
Match timeline
| 4:52 | Manuel hormigaiper · first_building Barracks |
| 7:49 | Šteuko · wall_segment Palisade Wall x1 |
| 7:49 | Šteuko · wall_segment Palisade Wall x1 |
| 7:50 | Šteuko · wall_segment Palisade Wall x1 |
| 7:51 | Šteuko · wall_segment Palisade Wall x1 |
| 8:47 | Šteuko · wall_segment Palisade Wall x1 |
| 8:57 | Šteuko · resign |
[ AI ANALYSIS · 1 CREDIT ]
What really happened in this match?
Wolo.gg analyzes every decision: build order, eco, micro, common mistakes by bracket. Personalized analysis on WhatsApp or Discord in 30 seconds.
Civ guide
Jurchens
Perfil
Jugador #2302476